 Dungeon Sprint DCSS version 0.21-a0-72-gbbb65ab (webtiles) character file.

172 Kidiri the Insei (level 5, 0/42 HPs)
             Began as a Demonspawn Transmuter on June 20, 2017.
             Was a Priest of Wu Jian.
             Slain by a porcupine (14 damage)
             ... in the Dungeon (Sprint VII: "The Pits").
             The game lasted 00:03:10 (490 turns).

Kidiri the Insei (Demonspawn Transmuter)             Turns: 490, Time: 00:03:11

Health: 0/42       AC:  2    Str: 11    XL:     5   Next: 27%
Magic:  0/11       EV: 22    Int: 15    God:    Wu Jian [***...]
Gold:   0          SH:  0    Dex: 18    Spells: 8/12 levels left

rFire    . . .     SeeInvis .     - Unarmed
rCold    . . .     Gourm    .   (shield currently unavailable)
rNeg     . . .     Faith    .   (armour currently unavailable)
rPois    x         Spirit   .   (helmet currently unavailable)
rElec    .         Reflect  .   (cloak currently unavailable)
rCorr    .         Harm     .   (gloves currently unavailable)
MR       .....     NoTele   +   (boots currently unavailable)
Stlth    ++........             (no amulet)
HPRegen  1.14/turn              (no ring)
MPRegen  0.12/turn              (no ring)

@: spider-form, very slightly contaminated
A: powered by death 1
a: End Transformation, Renounce Religion


You were in the Dungeon.
You worshipped Wu Jian.
Wu Jian was most pleased with you.
You were not hungry.
You were a venomous arachnid creature.
You visited 1 branch

Inventory:

Missiles
 a - 12 arrows
Armour
 b - a +0 robe (melded)
 r - a +3 ring mail
 s - a +3 scale mail
Scrolls
 j - a scroll of blinking
 l - 3 scrolls of remove curse
 m - 5 scrolls of amnesia
 n - a scroll of summoning
Potions
 e - 6 potions of curing
 f - 3 potions of heal wounds
 g - a potion of haste
 h - 4 potions of magic
 i - 2 potions of berserk rage
 k - 2 potions of invisibility
Books
 c - a book of Changes

   Spells                             Type                      Level
   a - Beastly Appendage              Transmutation                1
   b - Sticks to Snakes               Transmutation                2
   c - Spider Form                    Transmutation/Poison         3
   d - Ice Form                       Ice/Transmutation            4
   e - Blade Hands                    Transmutation                5
Comestibles
 d - 8 bread rations
 o - 40 fruits
 p - 7 meat rations


   Skills:
 * Level 4.2 Fighting
 + Level 2.3 Armour
 * Level 4.1 Dodging
 + Level 2.8 Stealth
 * Level 4.6 Unarmed Combat
 * Level 4.3 Spellcasting
 * Level 4.4 Transmutations
 + Level 2.0 Poison Magic


You had 8 spell levels left.
You knew the following spells:

 Your Spells              Type           Power        Failure   Level  Hunger
a - Beastly Appendage     Tmut           ###...       10%         1    None
b - Spider Form           Tmut/Pois      ##........   32%         3    ###....


Dungeon Overview and Level Annotations

Branches:
Dungeon (1/1)

Altars:
Ashenzari
Cheibriados
Dithmenos
Elyvilon
Fedhas
Gozag
Hepliaklqana
Kikubaaqudgha
Makhleb
Nemelex Xobeh
Okawaru
Qazlal
Ru
Sif Muna
Trog
Uskayaw
Vehumet
Wu Jian
Xom
Yredelemnul
Zin
The Shining One
Beogh
Jiyva
Lugonu


Innate Abilities, Weirdness & Mutations

You regenerate a little health from kills.
((You are mostly covered in sharp spines.))


Message History

The black bear claws you.
* * * LOW HITPOINT WARNING * * *
The black bear barely misses you. The porcupine completely misses you.
You kill the black bear!
The Council accepts your kill.
Your Fighting skill increases to level 4!
Your Armour skill increases to level 2!
Your Dodging skill increases to level 4!
Your Unarmed Combat skill increases to level 4!
Your Spellcasting skill increases to level 4!
Your Transmutations skill increases to level 4!
Your Poison Magic skill gained 2 levels and is now at level 2!
You have reached level 5!
Your demonic ancestry asserts itself...
Sharp spines emerge from more of your body.
You spin and attack the porcupine.
You hit the porcupine.
The porcupine is poisoned.
The porcupine is severely wounded.
The porcupine bites you!
You die...

#.#...#.#..##.....
#.#)..#.#))#####+#
#.#.).+.#))##.....
#.##+####))##.....
#.#.....#..##.....
#.#.....#+###...<.
#.#........##.....
#.#........##.....
#s###########.....
#.r#.#.## ######
#...[...#
##†#.#.##
#.......#
##.#.#.##
#.......#
##.#.#..+ ########


You could see a porcupine.

Vanquished Creatures
  A black bear (D)
  A quasit (D)
  Ijyb (D)
  An ufetubus (D)
  An ooze (D)
  A bat (D)
  A bat zombie (D)
  A giant cockroach (D)
  A goblin (D)
  A hobgoblin (D)
  A quokka (D)
  2 frilled lizards (D)
13 creatures vanquished.

Notes
Turn   | Place    | Note
-------+----------+-------------------------------------------
     0 | D        | Kidiri the Demonspawn Transmuter began the quest for the Orb.
     0 | D        | Reached XP level 1. HP: 15/15 MP: 3/3
    54 | D        | Found a bloodstained altar of Trog.
    54 | D        | Found a deep blue altar of Sif Muna.
    54 | D        | Found a viscous altar of Jiyva.
    54 | D        | Found a hazy altar of Hepliaklqana.
    54 | D        | Found an opulent altar of Gozag.
    55 | D        | Found a glowing golden altar of the Shining One.
    55 | D        | Found a glowing silver altar of Zin.
    55 | D        | Found a basalt altar of Yredelemnul.
    55 | D        | Found a shimmering altar of Xom.
    55 | D        | Found an ornate altar of the Wu Jian Council.
    55 | D        | Found a sacrificial altar of Ru.
    55 | D        | Found a stormy altar of Qazlal.
    55 | D        | Found an iron altar of Okawaru.
    55 | D        | Found a sparkling altar of Nemelex Xobeh.
    55 | D        | Found a burning altar of Makhleb.
    55 | D        | Found a blossoming altar of Fedhas.
    55 | D        | Found a white marble altar of Elyvilon.
    55 | D        | Found a shadowy altar of Dithmenos.
    55 | D        | Found a snail-covered altar of Cheibriados.
    57 | D        | Found a radiant altar of Vehumet.
    57 | D        | Found a corrupted altar of Lugonu.
    57 | D        | Found a roughly hewn altar of Beogh.
    58 | D        | Found a hide-covered altar of Uskayaw.
    58 | D        | Found an ancient bone altar of Kikubaaqudgha.
    58 | D        | Found a shattered altar of Ashenzari.
    64 | D        | Became a worshipper of the Wu Jian Council
    92 | D        | Gained mutation: You regenerate a little health from kills. [demonic ancestry]
    92 | D        | Reached XP level 2. HP: 17/21 MP: 2/5
   151 | D        | Reached * piety under Wu Jian
   206 | D        | Reached skill level 1 in Stealth
   209 | D        | Reached ** piety under Wu Jian
   234 | D        | Reached skill level 1 in Armour
   234 | D        | Gained mutation: You are partially covered in sharp spines. [demonic ancestry]
   234 | D        | Reached XP level 3. HP: 8/28 MP: 4/7
   275 | D        | Learned a level 3 spell: Spider Form
   471 | D        | Noticed Ijyb
   472 | D        | Noticed a black bear
   472 | D        | Noticed a porcupine
   479 | D        | Reached *** piety under Wu Jian
   486 | D        | Killed Ijyb
   486 | D        | Reached XP level 4. HP: 19/35 MP: 2/9
   489 | D        | Killed a black bear
   489 | D        | Gained mutation: You are mostly covered in sharp spines. [demonic ancestry]
   489 | D        | Reached XP level 5. HP: 13/42 MP: 0/11
   490 | D        | Slain by a porcupine

Vault maps used:
D:        pitsprint

Skill      XL: |  1  2  3  4 |
---------------+-------------+-----
Transmutations | 2 3 4 |  4.4
Dodging        | 2 3 4 |  4.1
Unarmed Combat | 3 4 |  4.6
Stealth        | 1 2 |  2.8
Fighting       | 2 3 4 |  4.2
Armour         | 1 2 |  2.3
Spellcasting   | 3 4 |  4.3
Poison Magic   | 2 |  2.0

Action                   |  1- 3 |  4- 6 || total
-------------------------+-------+-------++-------
Melee: Unarmed           |    57 |     1 ||    58
       Headbutt          |     1 |       ||     1
       Kick              |     2 |       ||     2
       Punch             |     1 |       ||     1
 Cast: Beastly Appendage |     6 |       ||     6
       Spider Form       |     1 |     1 ||     2
  Use: Potion            |     3 |     1 ||     4
Armor: Robe              |    28 |       ||    28
       Skin              |     1 |       ||     1
Dodge: Dodged            |    65 |     3 ||    68
